 Dungeon Crawl Stone Soup version 0.24.0-10-g970556be89 (webtiles) character file.

Game seed: 5064258441437515368, levelgen mode: deterministic

43 Donthurtboomboom the Insei (level 3, 0/23 HPs)
             Began as a Halfling Transmuter on Nov 4, 2019.
             Succumbed to an adder's poison
             ... on level 2 of the Dungeon.
             The game lasted 00:06:43 (2213 turns).

Donthurtboomboom the Insei (Halfling Transmuter)    Turns: 2213, Time: 00:06:43

Health: 0/23       AC:  2    Str: 17    XL:     3   Next: 82%
Magic:  5/5        EV: 15    Int: 11    God:
Gold:   43         SH:  0    Dex: 14    Spells: 4/5 levels left

rFire    . . .     SeeInvis .     - Unarmed
rCold    . . .     Gourm    .   (shield restricted)
rNeg     . . .     Faith    .   b - +0 robe
rPois    .         Spirit   .   (no helmet)
rElec    .         Reflect  .   (no cloak)
rCorr    .         Harm     .   (no gloves)
MR       .....                  (no boots)
Stlth    ++........             (no amulet)
HPRegen  0.07/turn              (no ring)
MPRegen  0.09/turn              (no ring)

@: mighty, lethally poisoned (0 -> -6)
A: small, mutation resistance 1
a: no special abilities


You were on level 2 of the Dungeon.
You were hungry.

You visited 1 branch of the dungeon, and saw 2 of its levels.

You collected 43 gold pieces.

Inventory:

Missiles
 a - 12 arrows
Armour
 b - a +0 robe (worn)
Scrolls
 c - a scroll of remove curse
 h - a scroll of enchant weapon {unknown}
 j - a scroll of fog {unknown}
Potions
 i - 2 potions of curing {unknown}
Comestibles
 d - a ration


   Skills:
 + Level 1.1 Fighting
 + Level 2.6 Dodging
 + Level 1.6 Stealth
 + Level 3.0 Unarmed Combat
 + Level 1.5 Spellcasting
 + Level 1.2 Transmutations


You had 4 spell levels left.
You knew the following spells:

 Your Spells              Type           Power        Failure   Level  Hunger
a - Beastly Appendage     Tmut           #.....       19%         1    ##.....

Your spell library contained the following spells:

 Spells                   Type           Power        Failure   Level  Hunger
 Sticks to Snakes         Tmut           #.......     26%         2    ###....
 Spider Form              Tmut/Pois      #.........   56%         3    ####...
 Ice Form                 Ice/Tmut       #.......     93%         4    #####..
 Blade Hands              Tmut           #.........   99%         5    ######.


Dungeon Overview and Level Annotations

Branches:
Dungeon (2/15)

Altars:


Innate Abilities, Weirdness & Mutations

You are small and have problems with some larger weapons.
You are somewhat resistant to further mutation.


Message History

You barely miss the goblin. The goblin completely misses you.
You hit the goblin.
You kill the goblin!
* * * LOW HITPOINT WARNING * * *
You feel sick. The kobold misses you.
* * * LOW HITPOINT WARNING * * *
You feel sick. The kobold closely misses you.
You see here a +0 dagger.
* * * LOW HITPOINT WARNING * * *
You feel sick. The kobold hits you but does no damage.
You punch the kobold!
You kill the kobold!
* * * LOW HITPOINT WARNING * * *
You feel sick.
You see here 3 stones.
* * * LOW HITPOINT WARNING * * *
You feel sick.
You see here an adder corpse.
You butcher the adder corpse.
You die...

....# ....#.# #...#.#
#...#.# #####..##.#
#......##.# ###.
#.......#.# .....
#.......#.#......
#####...@).(.........
........(..#.##$.....
####.......#..# .....
###########.......##.#
#### #........##...#.###
.# #........##.###.# ..
#........##.###.#####..
#.......)##.........K.>
##........######(#.#####


There were no monsters in sight!

Vanquished Creatures
  3 adders (D:2)
  3 bats (D:1)
  2 goblins
  2 hobgoblins (D:1)
  2 jackals (D:1)
  2 kobolds (D:2)
  4 rats (D:1)
18 creatures vanquished.

Notes
Turn   | Place    | Note
-------+----------+-------------------------------------------
     0 | D:1      | Donthurtboomboom the Halfling Transmuter began the quest
                  | for the Orb.
     0 | D:1      | Reached XP level 1. HP: 12/12 MP: 3/3
   442 | D:1      | Reached XP level 2. HP: 9/18 MP: 4/4
  1643 | D:2      | Reached skill level 1 in Stealth
  1643 | D:2      | Reached XP level 3. HP: 18/22 MP: 5/5
  1929 | D:2      | Reached skill level 1 in Fighting
  1929 | D:2      | Reached skill level 3 in Unarmed Combat
  2211 | D:2      | HP: 1/23 [poisoned by an adder]
  2213 | D:2      | Succumbed to an adder's poison

Levels and vault maps discovered:
D:1:      mrwooster_arrival_statue, layout_loops_corners
D:2:      layout_basic

Skill      XL: |  1  2  3 |
---------------+----------+-----
Stealth        | 1 |  1.6
Fighting       | 1 |  1.1
Unarmed Combat | 3 |  3.0
Dodging        | |  2.6
Spellcasting   | |  1.5
Transmutations | |  1.2

Action                   || total
-------------------------++-------
Melee: Unarmed           ||    92
       Punch             ||     1
  Use: Scroll            ||     2
       Potion            ||     2
 Stab: Sleeping          ||     1
  Eat: Ration            ||     1
Armor: Robe              ||    28
Dodge: Dodged            ||   119
